 Dungeon Crawl Stone Soup version 0.31.0-12-g77e489cdc1 (webtiles) character file.

Game seed: 12652327718723221490

3245 Jekkad the Chopper (level 9, -1/77 HPs)
             Began as a Red Draconian Berserker on Mar 4, 2024.
             Was an Elder of Trog.
             Killed from afar by a gargoyle (15 damage)
             ... with a stone arrow
             ... on level 7 of the Dungeon.
             The game lasted 00:22:19 (5969 turns).

Jekkad the Chopper (Red Draconian Berserker)        Turns: 5969, Time: 00:22:19

Health: -1/77      AC: 12    Str: 23    XL:     9   Next: 67%
Magic:  9/9        EV: 15    Int: 10    God:    Trog [****..]
Gold:   281        SH:  0    Dex: 19    Spells: 8/8 levels left

rFire   + . .        j - +2 arbalest
rCold   . . .        (shield currently unavailable)
rNeg    + . .        (body armour unavailable)
rPois   .            (helmet restricted)
rElec   .            e - +2 cloak {rCorr}
rCorr   +            (no gloves)
SInv    +            l - +1 pair of boots
Will    ++...        f - amulet of faith
Stlth   +++          m - ring of Doubts {rN+ SInv}
HPRegen 0.32/turn    v - +6 ring of dexterity
MPRegen 0.11/turn

%: faith
@: on berserk cooldown, slowed, studying Throwing, very slow
A: breathe fire, AC +7, unfitting armour, fire resistance 1, cold-blooded, agile
1, strong-willed 2, strong 1
a: Breathe Fire, Renounce Religion, Berserk, Trog's Hand, Brothers in Arms


You were on level 7 of the Dungeon.
You worshipped Trog.
Trog was greatly pleased with you.
You visited 1 branch of the dungeon, and saw 7 of its levels.

You collected 281 gold pieces.

Inventory:

Hand Weapons
 j - a +2 arbalest (weapon)
 p - a +1 heavy executioner's axe
Missiles
 s - a throwing net
Armour
 e - a +2 cloak of preservation (worn)
 l - a +1 pair of boots (worn)
Jewellery
 f - an amulet of faith (around neck)
 m - the ring of Doubts (left hand) {rN+ SInv}
   (You acquired it on level 4 of the Dungeon)

   [ring of see invisible]

   rN+:       It protects you from negative energy.
   SInv:      It lets you see invisible.
 v - a +6 ring of dexterity (right hand)
Talismans
 o - a blade talisman
Scrolls
 g - 2 scrolls of teleportation
 h - a scroll of butterflies
 k - 2 scrolls of immolation
 u - a scroll of silence {unknown}
Potions
 a - a potion of brilliance {unknown}
 c - 2 potions of curing
 d - 3 potions of degeneration
 i - a potion of might
 q - a potion of enlightenment {unknown}
 t - a potion of ambrosia {unknown}


   Skills:
 * Level 6.3 Fighting
 * Level 7.2 Axes
 * Level 5.8 Ranged Weapons
 * Level 4.6 Throwing
 * Level 5.0 Dodging
 * Level 3.8 Stealth
 * Level 3.1 Evocations
 * Level 2.5 Shapeshifting


You had 8 spell levels left.
You didn't know any spells.
Your spell library was empty.

Dungeon Overview and Level Annotations

Branches:
Dungeon (7/15)             Temple (0/1) D:6

Altars:
Ashenzari
Okawaru

Shops:
D:5 (


Innate Abilities, Weirdness & Mutations

You can breathe blasts of fire.
Your fiery red scales are hard. (AC +7)
You cannot fit into any form of body armour.
Your flesh is heat resistant. (rF+)
You are cold-blooded and may be slowed by cold attacks.
You are agile. (Dex +4, Str/Int -1)
You are highly strong-willed. (Will++)
Your muscles are strong. (Str +4, Int/Dex -1)


Message History

Something closely misses your butterfly.
The gargoyle completely misses you.
Blink to where?
Press: ? - help, Dir - move target
As you read the scroll of blinking, it crumbles to dust.
Okay, then.
Your ogre goes berserk!
Trog will no longer gift you weapons.
The gargoyle hurls a stone arrow at you.
The stone arrow hits you!!
The gargoyle hurls a stone arrow at you.
The stone arrow hits your ogre!! The gargoyle barely misses your ogre.
Your ogre hits the gargoyle with a +0 giant spiked club!!
The gargoyle hits your ogre with a +0 mace.
Your ogre barely misses the gargoyle.
The gargoyle hurls a stone arrow at you.
The stone arrow hits your ogre!
Your ogre dies!
Your ogre's corpse disappears in a puff of smoke!
The gargoyle hurls a stone arrow at you.
The stone arrow hits you!
* * * LOW HITPOINT WARNING * * *
Items here: )) [[.
You feel much better.
The gargoyle hurls a stone arrow at you.
The stone arrow hits you!
j - a +2 arbalest (weapon)
The gargoyle hurls a stone arrow at you.
The stone arrow misses you.
Fire: j) +2 arbalest
Press: ? - help, Q - select action, (/) - cycle Shift-Dir - straight line, f - gargoyle
Aim: a gargoyle, wielding a +0 mace (severely damaged, 77% to hit)
You shoot a bolt. The bolt barely misses the gargoyle.
You have got your breath back.
The gargoyle hurls a stone arrow at you.
The stone arrow hits you!!
* * * LOW HITPOINT WARNING * * *
The gargoyle hurls a stone arrow at you.
The stone arrow hits you!
You die...

#.# #.#.'........#....### #.#
#####'###.....<#...####.b
#.###.......'........###bbu..
#.#.........#).....####b###bC
#.#.#.........)..#####.#†####
#.#.#..........### ##b###..##
#.#.#........#######.## #.#..
#.#.#######....9....## #.###
#.#.# #.@#######.# #.#[#
#.#.# #...### #.# #.... #.#.#
#..#.8### #†##.#.#
#.#.#######..#...8### #.#.###
#.#..........#8....8####..#..
#.##########.#..~....8###..##
#.....%......#8.)8~......###.
###########..#.))....8####...
#..#8....8###......


You could see a gargoyle.

Vanquished Creatures
  An ugly thing (D:7)
  A slime creature (D:7)
  2 acid dragons (D:7)
  A water moccasin (D:7)
  Duvessa (D:4)
  2 orc warriors (D:7)
  An ice beast (D:3)
  A phantom (D:5)
  4 bullfrogs
  A gnoll sergeant (D:7)
  5 scorpions
  5 wights (D:7)
  Dowan (D:4)
  2 howler monkeys (D:6)
  2 jellies
  3 bombardier beetles
  4 hounds
  Crazy Yiuf (D:2)
  An orc priest (D:6)
  A sleepcap (D:5)
  3 iguanas
  7 orc wizards
  Ijyb (D:3)
  4 gnolls
  Robin (D:4)
  7 adders
  A shadow imp (D:6)
  A white imp (D:7)
  2 ufetubi (D:6)
  A dart slug (D:4)
  31 orcs
  4 endoplasms
  3 giant cockroaches
  10 goblins
  8 hobgoblins
  2 jackals (D:1)
  4 quokkas
  5 ball pythons
  8 bats
  2 frilled lizards (D:1)
  5 kobolds
  4 rats
154 creatures vanquished.

Notes
Turn   | Place    | Note
-------+----------+-------------------------------------------
     0 | D:1      | Jekkad the Draconian Berserker began the quest for the Orb.
     0 | D:1      | Reached XP level 1. HP: 19/19 MP: 1/1
   202 | D:1      | Reached XP level 2. HP: 25/26 MP: 2/2
  1049 | D:2      | Found a runed translucent door.
  1050 | D:2      | Noticed Crazy Yiuf
  1061 | D:2      | Killed Crazy Yiuf
  1062 | D:2      | Reached XP level 3. HP: 33/33 MP: 3/3
  1129 | D:2      | Reached skill level 1 in Stealth
  1247 | D:2      | Reached XP level 4. HP: 38/40 MP: 4/4
  1851 | D:3      | Reached ** piety under Trog
  1892 | D:3      | Found an iron altar of Okawaru.
  1904 | D:3      | Found a broken altar of Ashenzari.
  2069 | D:3      | Noticed an ice beast
  2076 | D:3      | Killed an ice beast
  2077 | D:3      | Reached skill level 4 in Axes
  2077 | D:3      | Reached skill level 1 in Throwing
  2077 | D:3      | Reached XP level 5. HP: 46/46 MP: 5/5
  2082 | D:3      | Noticed Ijyb
  2084 | D:3      | You fall into a shaft and drop 2 floors!
  2084 | D:5      | Entered Level 5 of the Dungeon
  2145 | D:5      | Reached skill level 1 in Ranged Weapons
  2155 | D:5      | Reached XP level 6. HP: 53/53 MP: 6/6
  2223 | D:4      | Reached skill level 5 in Axes
  2432 | D:4      | Gained mutation: You are agile. (Dex +4, Str/Int -1)
                  | [potion of mutation]
  2432 | D:4      | Gained mutation: You are strong-willed. (Will+) [potion of
                  | mutation]
  2432 | D:4      | Gained mutation: You have hidden genetic potential. [potion
                  | of mutation]
  2575 | D:3      | Killed Ijyb
  2816 | D:3      | Your scales start taking on a fiery red colour.
  2816 | D:3      | Reached XP level 7. HP: 60/60 MP: 7/7
  2816 | D:3      | Gained mutation: Your flesh is heat resistant. (rF+) [Red
                  | Draconian growth]
  3071 | D:4      | Noticed Duvessa
  3072 | D:4      | Noticed Dowan
  3078 | D:4      | Killed Duvessa
  3087 | D:4      | Killed Dowan
  3093 | D:4      | Gained mutation: Your muscles are strong. (Str +4, Int/Dex
                  | -1) [hidden potential]
  3361 | D:4      | Noticed Robin
  3364 | D:4      | Reached *** piety under Trog
  3371 | D:4      | Killed Robin
  3426 | D:4      | Identified 2 scrolls of acquirement
  3427 | D:4      | Acquired the ring of Doubts {rN+ SInv}
  3429 | D:4      | Acquired a +1 heavy executioner's axe
  3686 | D:5      | Acquired a manual of Throwing
  3821 | D:5      | Found Atytas's Weapon Boutique.
  3825 | D:5      | Reached skill level 5 in Fighting
  3825 | D:5      | Reached skill level 1 in Evocations
  4082 | D:6      | Reached XP level 8. HP: 58/68 MP: 8/8
  4086 | D:6      | Reached skill level 1 in Shapeshifting
  4105 | D:6      | Gained mutation: You are highly strong-willed. (Will++)
                  | [hidden potential]
  4105 | D:6      | Lost mutation: You have hidden genetic potential. [hidden
                  | potential expressed]
  4426 | D:6      | Found a staircase to the Ecumenical Temple.
  4506 | D:6      | Reached **** piety under Trog
  4957 | D:7      | Reached skill level 5 in Ranged Weapons
  5498 | D:7      | Reached skill level 6 in Axes
  5520 | D:7      | Reached XP level 9. HP: 72/75 MP: 9/9
  5545 | D:7      | Reached ***** piety under Trog
  5894 | D:7      | Noticed a gargoyle
  5935 | D:7      | Noticed a purple ugly thing
  5940 | D:7      | Noticed a purple ugly thing
  5947 | D:7      | Killed a red ugly thing
  5952 | D:7      | Reached skill level 7 in Axes
  5955 | D:7      | Reached skill level 5 in Dodging
  5955 | D:7      | Noticed a cyclops
  5969 | D:7      | Killed from afar by a gargoyle

Illustrated notes

Levels and vault maps discovered:
D:1:      minmay_arrival_up_and_down, layout_loops_ring, serial_forest,
          infiniplex_forest_end_1, infiniplex_forest_clump_double,
          infiniplex_forest_fountain, infiniplex_forest_straight_4,
          infiniplex_forest_lined_1, infiniplex_forest_straight_4,
          infiniplex_forest_clump_small, infiniplex_forest_clump_diagonal,
          infiniplex_forest_clump_tiny, item_on_display_a
D:2:      layout_rooms, serial_forest, infiniplex_forest_zigzag_1,
          infiniplex_forest_pool, infiniplex_forest_zigzag_1,
          infiniplex_forest_lined_corner, infiniplex_forest_clump_small,
          infiniplex_forest_lined_corner, infiniplex_forest_clump_diagonal,
          infiniplex_forest_clump_small, uniq_crazy_yiuf_cottage
D:3:      layout_basic, mainiacjoe_overflow_large_starburst,
          minmay_statues_item, uniq_ijyb
D:4:      layout_basic, uniq_robin, uniq_duvessa
D:5:      layout_rooms, serial_shops, shop
D:6:      layout_loops_ring, minmay_temple_entry_proselytizer,
          lightli_orcish_oven
D:7:      minmay_the_grid_triangle_9x9_rhombus_thin
          [minmay_the_grid_triangle_9x9_windchime,
          minmay_the_grid_triangle_9x9_prize_schism,
          minmay_the_grid_triangle_9x9_shrine,
          minmay_the_grid_triangle_9x9_minimal], layout_basic, ebering_ghost_xom

Skill      XL: |  1  2  3  4  5  6  7  8  9 |
---------------+----------------------------+-----
Dodging        | 3 4 5 |  5.0
Stealth        | 1 2 3 |  3.8
Fighting       | 4 5 6 |  6.3
Axes           | 4 5 6 7 |  7.2
Throwing       | 1 2 3 4 |  4.6
Ranged Weapons | 1 2 3 5 |  5.8
Evocations     | 1 2 3 |  3.1
Shapeshifting  | 1 2 |  2.5

Action                     |  1- 3 |  4- 6 |  7- 9 || total
---------------------------+-------+-------+-------++-------
  Melee: Hand axe          |    61 |   149 |    12 ||   222
         Tailslap          |     4 |    39 |     9 ||    52
         Punch             |       |     4 |       ||     4
         Executioner's axe |       |       |    82 ||    82
   Fire: Arbalest          |       |    51 |    90 ||   141
  Throw: Throwing net      |       |     1 |     1 ||     2
 Invoke: Berserk           |     2 |     3 |     3 ||     8
         Brothers in Arms  |       |       |     1 ||     1
Ability: Breathe Fire      |       |       |    32 ||    32
  Evoke: Wand              |       |     2 |     7 ||     9
    Use: Scroll            |     5 |     6 |    11 ||    22
         Potion            |       |     1 |     1 ||     2
   Stab: Held in net/web   |       |     1 |       ||     1
 Armour: Skin              |    38 |    43 |   150 ||   231
  Dodge: Dodged            |    49 |    59 |   157 ||   265
